Map: Romanticide LE

Players

SpeCial - Winner!

  • Race: Terran Terran

Kelazhur

  • Race: Terran Terran

Event: DreamHack SC2 Masters 2021 Fall

VOD

Have the link to the VOD?

Description

Time

  • Played on: Aug. 1, 2021, 5:52 p.m.
  • Length: 12:21

All games in this series

Show
View Real Time Build Order
Export as new Build Order

SpeCial Terran - Winner!

Build Orders: Mech 

Get SALT Encoding   

  12  0:00  SCV  
  13  0:12  SCV  
  14  0:17  Supply Depot  
  14  0:24  SCV  
  15  0:38  SCV  
  15  0:40  Barracks  
  16  0:43  Refinery  
  16  0:50  SCV  
  16  0:54  Refinery  
  17  1:03  SCV  
  18  1:15  SCV  
  19  1:26  Reaper  
  19  1:27  Orbital Command  
  19  1:28  Supply Depot  
  20  1:41  Factory  
  20  1:53  SCV  
  21  1:58  Reaper  
  22  2:06  SCV  
  23  2:18  SCV  
  24  2:23  Command Center  
  24  2:29  Hellion  
  26  2:32  SCV  
  26  2:35  Reaper  
  28  2:44  SCV, Supply Depot  
  29  2:50  Hellion  
  31  2:56  Starport  
  31  3:06  SCV  
  31  3:08  Barracks Tech Lab  
  32  3:13  Factory Tech Lab  
  32  3:18  SCV  
  33  3:27  Refinery  
  33  3:30  SCV  
  34  3:36  Orbital Command  
  34  3:39  Raven  
  36  3:42  SCV  
  36  3:45  Cyclone  
  40  3:54  SCV  
  41  3:57  Command Center  
  42  4:02  SCV  
  42  4:06  SCV  
  42  4:09  Refinery  
  43  4:16  Supply Depot  
  43  4:21  Cyclone  
  43  4:22  SCV x2  
  48  4:27  Raven  
  50  4:34  SCV  
  50  4:35  SCV  
  52  4:40  Barracks Reactor  
  52  4:47  SCV x2  
  54  4:53  Siege Tank  
  54  4:59  SCV  
  59  5:00  SCV  
  59  5:05  Supply Depot  
  59  5:09  Raven  
  59  5:10  Orbital Command  
  59  5:11  SCV  
  61  5:18  SCV  
  60  5:23  SCV  
  61  5:30  Siege Tank, SCV  
  61  5:31  Orbital Command  
  65  5:36  SCV  
  65  5:40  Supply Depot  
  65  5:42  SCV  
  67  5:43  Engineering Bay  
  67  5:48  SCV  
  68  5:54  SCV  
  69  5:58  SCV  
  69  6:00  SCV  
  69  6:01  Viking x2  
  69  6:02  Factory x2  
  75  6:04  Siege Tank  
  75  6:06  SCV  
  75  6:10  SCV  
  80  6:12  SCV  
  81  6:18  SCV  
  81  6:22  SCV  
  81  6:24  SCV  
  84  6:30  Viking  
  84  6:31  SCV, Viking  
  89  6:34  SCV  
  89  6:36  SCV  
  91  6:41  Siege Tank  
  91  6:42  Supply Depot, Barracks Reactor  
  91  6:43  SCV  
  93  6:48  Refinery x2, Sensor Tower  
  93  6:51  SCV  
  94  6:54  Missile Turret  
  94  6:55  SCV x2  
  94  6:57  Missile Turret  
  96  7:03  Viking x2  
  96  7:05  SCV  
  96  7:07  SCV x2  
  100  7:17  SCV  
  100  7:19  SCV x2  
  100  7:22  Siege Tank  
  106  7:27  Armory  
  106  7:28  Armory  
  106  7:29  SCV  
  107  7:31  SCV  
  107  7:32  SCV  
  109  7:39  Command Center  
  109  7:40  Supply Depot  
  109  7:42  Viking x2  
  113  7:50  SCV x2  
  115  7:51  Supply Depot  
  115  7:53  Supply Depot  
  115  7:54  Hellion  
  117  8:01  Hellion  
  117  8:02  Siege Tank  
  120  8:08  SCV x3  
  120  8:12  Viking  
  125  8:13  Viking  
  125  8:15  Terran Vehicle Weapons Level 1, Terran Vehicle And Ship Armor Level 1  
  125  8:18  Supply Depot  
  125  8:19  Missile Turret  
  127  8:21  Hellion  
  127  8:23  Hellion  
  131  8:28  Factory  
  131  8:32  Factory  
  131  8:35  Siege Tank  
  131  8:38  Supply Depot  
  131  8:39  Supply Depot  
  134  8:42  SCV x2  
  134  8:44  Hellion  
  136  8:50  Viking x2  
  136  8:55  Supply Depot  
  140  8:57  SCV x3  
  140  8:59  Siege Tank, Hellion  
  147  9:09  SCV  
  149  9:12  Factory Tech Lab, Hellion  
  149  9:16  Factory Reactor  
  150  9:18  Planetary Fortress  
  150  9:20  Hellion  
  150  9:21  Refinery  
  150  9:22  Siege Tank, Sensor Tower  
  150  9:23  Refinery  
  158  9:33  Hellion  
  158  9:35  Siege Tank x2  
  163  9:41  Command Center, Hellion  
  165  9:47  Infernal Pre-Igniter, Supply Depot  
  165  9:48  Supply Depot  
  167  9:54  Siege Tank, Hellion  
  169  10:03  Missile Turret x2, Hellion  
  169  10:07  Siege Tank  
  174  10:08  Siege Tank  
  174  10:09  Hellion x2  
  175  10:29  Siege Tank  
  175  10:31  Hellion x2  
  175  10:33  Hellion  
  184  10:39  Siege Tank  
  181  10:46  Liberator x2  
  182  10:57  Hellion  
  182  10:58  Hellion x3  
  182  11:00  Siege Tank  
  182  11:01  Siege Tank  
  178  11:13  Hellion  
  176  11:19  Hellion x2  
  180  11:28  Factory x2  
  180  11:29  Viking x2  
  180  11:32  Siege Tank  
  187  11:33  Siege Tank  
  187  11:39  Hellion x2  
  194  11:40  Siege Tank  
  188  11:56  Hellion  
  188  11:57  Hellion  
Show
View Real Time Build Order
Export as new Build Order

Kelazhur Terran 

Build Orders: Gas First Reaper Expand 

Get SALT Encoding   

  12  0:00  SCV  
  13  0:12  SCV  
  14  0:17  Supply Depot  
  14  0:24  SCV  
  14  0:27  Refinery  
  15  0:38  SCV  
  16  0:44  Barracks  
  16  0:50  SCV  
  17  1:02  SCV  
  18  1:14  SCV  
  19  1:30  Reaper, Orbital Command  
  20  1:44  Command Center  
  20  1:54  Factory  
  20  1:57  SCV  
  21  2:05  Barracks Reactor  
  21  2:07  Supply Depot  
  21  2:11  SCV  
  22  2:18  Refinery  
  22  2:23  SCV  
  23  2:35  SCV  
  24  2:43  Starport  
  24  2:45  Hellion  
  24  2:46  Hellion  
  24  2:47  SCV  
  29  2:55  Barracks Tech Lab  
  29  2:57  Orbital Command  
  29  2:59  SCV  
  30  3:11  Hellion x2  
  34  3:14  SCV  
  34  3:18  Orbital Command  
  34  3:19  Medivac  
  37  3:28  SCV  
  37  3:31  Refinery  
  38  3:40  SCV  
  39  3:42  Marine x2  
  39  3:43  Cyclone  
  39  3:45  SCV  
  45  3:48  Supply Depot  
  45  3:52  SCV  
  45  3:55  Starport Tech Lab  
  46  3:56  Supply Depot  
  46  4:10  Marine x2, SCV x2  
  46  4:13  Supply Depot  
  50  4:19  Raven  
  50  4:22  SCV x2  
  54  4:29  Marine  
  55  4:32  Siege Tank  
  55  4:34  SCV x2  
  55  4:36  Marine  
  59  4:46  SCV x2  
  59  4:50  Command Center  
  61  4:58  Marine x2, SCV x2, Supply Depot  
  65  5:02  Raven  
  65  5:06  Siege Tank  
  70  5:15  SCV  
  70  5:19  Marine x2  
  70  5:20  SCV  
  73  5:27  SCV  
  74  5:32  SCV  
  74  5:34  Supply Depot  
  73  5:37  Marine x2  
  73  5:38  Siege Tank  
  78  5:44  Barracks  
  78  5:45  Barracks  
  78  5:46  Refinery  
  78  5:48  Supply Depot  
  78  5:55  SCV x2  
  80  5:58  Supply Depot  
  80  6:04  Engineering Bay  
  80  6:05  Engineering Bay  
  80  6:07  Viking x2  
  80  6:08  SCV, Orbital Command  
  84  6:11  SCV  
  82  6:20  SCV  
  82  6:23  SCV  
  84  6:32  SCV  
  85  6:33  Marine, Stimpack  
  85  6:34  Siege Tank  
  85  6:35  SCV  
  90  6:40  SCV  
  90  6:44  SCV  
  89  6:47  SCV  
  89  6:51  Orbital Command  
  89  6:54  Viking x2  
  95  6:55  Barracks Reactor, Barracks Tech Lab  
  95  6:56  SCV  
  95  7:00  SCV  
  95  7:01  Terran Infantry Armor Level 1, Terran Infantry Weapons Level 1  
  96  7:02  Marine  
  96  7:08  SCV  
  98  7:12  SCV  
  90  7:18  Marauder, Combat Shield  
  90  7:19  SCV  
  90  7:20  SCV  
  94  7:24  SCV  
  94  7:25  Marauder, Command Center  
  94  7:27  Siege Tank  
  100  7:31  SCV  
  100  7:32  SCV  
  100  7:34  Marine x2, Supply Depot  
  100  7:36  SCV  
  105  7:39  Medivac  
  105  7:43  SCV, Refinery  
  108  7:44  SCV  
  108  7:50  Marauder x2  
  113  7:52  Marine x2, SCV  
  113  7:54  Refinery  
  113  7:55  SCV  
  113  7:58  SCV  
  118  7:59  Supply Depot  
  118  8:01  Supply Depot  
  118  8:02  Siege Tank, Supply Depot  
  118  8:04  SCV  
  122  8:07  SCV, Medivac  
  125  8:14  Supply Depot  
  125  8:18  Supply Depot  
  125  8:19  Armory  
  125  8:20  Marine x4, SCV x3  
  125  8:25  Supply Depot  
  132  8:32  SCV x2, Supply Depot  
  134  8:34  Siege Tank  
  134  8:35  SCV  
  134  8:36  Viking  
  134  8:38  Marauder, Viking  
  142  8:42  Orbital Command  
  142  8:44  Marine x2  
  142  8:46  Concussive Shells  
  142  8:47  Marauder  
  145  8:52  Supply Depot  
  145  8:53  SCV  
  145  8:55  Supply Depot  
  146  9:03  Barracks  
  146  9:04  Barracks  
  146  9:09  Marine x2  
  148  9:10  Marauder x2  
  148  9:12  Viking  
  148  9:13  Viking  
  153  9:17  SCV x3  
  153  9:18  SCV  
  157  9:29  SCV  
  158  9:31  Marauder  
  158  9:32  Marine x2  
  158  9:33  Marauder  
  158  9:34  SCV x3  
  158  9:37  Refinery x2  
  165  9:41  SCV, Siege Tank, Terran Infantry Weapons Level 2  
  165  9:43  Terran Infantry Armor Level 2  
  169  9:46  SCV x2  
  169  9:52  SCV  
  172  9:54  Barracks Reactor, Barracks Tech Lab  
  172  10:04  Marauder x2, Command Center  
  172  10:05  Viking x2  
  180  10:10  Factory  
  179  10:16  Sensor Tower  
  179  10:17  Marauder  
  179  10:19  Marine x2  
  180  10:26  Marauder, Marine  
  182  10:34  Siege Tank  
  182  10:35  Viking x2  
  189  10:37  Marine  
  189  10:40  Starport  
  189  10:42  Starport  
  186  10:43  Marauder, Starport  
  186  10:44  Marine x2  
  186  10:46  Marine  
  191  10:53  Marauder x2  
  182  11:05  Marauder, Viking x2  
  182  11:07  Siege Tank  
  157  11:12  Marine x4  
  157  11:14  Marauder x2  
  157  11:17  Factory Tech Lab  
  148  11:26  Marine  
  148  11:27  Viking x3  
  148  11:30  Planetary Fortress  
  148  11:31  Marine  
  148  11:32  Marine x3  
  159  11:35  Viking x2  
  159  11:39  Siege Tank  
  166  11:46  Siege Tank  
  158  11:55  Marine x2  
  158  11:56  Marauder x3  

Tags
 
Add a new tag
Caveats
  • Supply blocks, unpowered buildings, or Contaminate may cause inaccurate times.
  • Supply counts are checked every 10 seconds.